 Dungeon Crawl Stone Soup version 0.31.0-9-g3a7656b989 (webtiles) character file.

Game seed: 7731090207318870098

58 qw the Shooter (level 3, -1/18 HPs)
             Began as a Spriggan Hunter on Feb 2, 2024.
             Slain by Terence
             ... wielding a +0 hand axe
              (6 damage)
             ... on level 2 of the Dungeon.
             The game lasted 00:00:02 (892 turns).

qw the Shooter (Spriggan Hunter)                     Turns: 892, Time: 00:00:03

Health: -1/18      AC:  2    Str:  7    XL:     3   Next: 75%
Magic:  4/4        EV: 19    Int: 10    God:
Gold:   56         SH:  0    Dex: 20    Spells: 2/2 levels left

rFire   . . .        a - +0 shortbow
rCold   . . .        (shield currently unavailable)
rNeg    . . .        c - +0 robe
rPois   .            (helmet restricted)
rElec   .            (no cloak)
rCorr   .            (gloves unavailable)
SInv    +            (boots unavailable)
Will    .....        (no amulet)
Stlth   ++           (no ring)
HPRegen 0.23/turn    (no ring)
MPRegen 0.09/turn

%: no passive effects
@: very quick
A: very small, no large weapons, unfitting armour, see invisible, speed 3
a: no special abilities


You were on level 2 of the Dungeon.
You visited 1 branch of the dungeon, and saw 2 of its levels.

You collected 56 gold pieces.


Innate Abilities, Weirdness & Mutations

You are very small and have problems with some larger weapons.
You are too small for most types of armour.
You have supernaturally acute eyesight. (SInv)
You cover ground extremely quickly. (Speed+++)


   Skills:
 - Level 1.5 Fighting
 + Level 4.9 Ranged Weapons
 - Level 4.0 Dodging
 - Level 1.5 Stealth


You had 2 spell levels left.
You didn't know any spells.
Your spell library was empty.

Inventory:

Hand Weapons
 a - a +0 shortbow (weapon)
Armour
 c - a +0 robe (worn)
Scrolls
 b - a scroll of identify {unknown}
Potions
 d - a potion of curing
 e - a potion of enlightenment {unknown}
 f - a potion of ambrosia {unknown}

Dungeon Overview and Level Annotations

Branches:
Dungeon (2/15)

Altars:

Annotations:
D:2 Terence


Message History

A dart slug and a quokka come into view.
Found a stone staircase leading down.
You shoot an arrow. The arrow hits the dart slug.
You kill the dart slug!
You shoot an arrow. The arrow barely misses the quokka.
You shoot an arrow. The arrow hits the quokka.
The quokka is severely wounded.
You shoot an arrow. The arrow closely misses the quokka.
The quokka completely misses you.
You shoot an arrow. The arrow hits the quokka.
You kill the quokka!
Terence the Incautious comes into view.
He is wielding a +0 hand axe.
Terence shouts!
You shoot an arrow. The arrow barely misses Terence.
You shoot an arrow. The arrow hits Terence.
Terence is moderately wounded.
You shoot an arrow. The arrow hits Terence.
Terence is moderately wounded.
You shoot an arrow. The arrow hits Terence.
Terence is moderately wounded.
An adder comes into view.
You shoot an arrow. The adder hisses angrily.
The arrow hits Terence.
Terence is heavily wounded.
Terence completely misses you.
You shoot an arrow. The arrow barely misses Terence.
The arrow hits the adder.
The adder is moderately wounded.
Terence hits you with a +0 hand axe.
You shoot an arrow. The arrow hits Terence.
Terence is severely wounded.
Terence barely misses you.
You shoot an arrow. The arrow hits Terence.
Terence is severely wounded.
Terence hits you with a +0 hand axe!
An endoplasm comes into view.
Terence says, "How do you enjoy it?" Terence hits you with a +0 hand axe.
You die...
Terence says, "Rest in peace."

#.#.# .# ....# .# #.###
##.## #.# ##...##
#.####### ##.%...##
#.%.....# #.>.....#
###(###.### #.......#
##........####.......##
................@.....+
##...##.#.######@S.####
##.###.#.# .....#
#.##..#.# ....#.#
#.##.##.# .......#
#.##.##.# ........#
#.......##........#
####.######..J....# #.#


You could see Terence, an adder and an endoplasm.

Vanquished Creatures
  Natasha (D:2)
  A dart slug (D:2)
  4 ball pythons (D:1)
  2 bats
  4 endoplasms (D:1)
  4 goblins
  4 hobgoblins
  3 quokkas
  A kobold (D:1)
  2 rats (D:1)
26 creatures vanquished.

Notes
Turn   | Place    | Note
-------+----------+-------------------------------------------
     0 | D:1      | qw the Spriggan Hunter began the quest for the Orb.
     0 | D:1      | Reached XP level 1. HP: 10/10 MP: 2/2
     0 | D:1      | 0 ||| qw: Version: 0.3-a-155-g5e7d8dd
     0 | D:1      | 0 ||| qw: Game counter: 1188
     0 | D:1      | 0 ||| qw: Melee chars always use a shield: true
     0 | D:1      | 0 ||| qw: God list: Okawaru
     0 | D:1      | 0 ||| qw: Allow faded altars: false
     0 | D:1      | 0 ||| qw: Do Orc after clearing Dungeon:15 true
     0 | D:1      | 0 ||| qw: Do second Lair branch before Depths: true
     0 | D:1      | 0 ||| qw: Lair rune preference: random
     0 | D:1      | 0 ||| qw: Goals: Normal
     0 | D:1      | 0 ||| PLANNING D:1-11
    54 | D:1      | Reached skill level 3 in Dodging
    97 | D:1      | Reached XP level 2. HP: 14/14 MP: 3/3
   511 | D:1      | Found a faded altar of an unknown god.
   663 | D:1      | 663 ||| DRINKING 2 bubbling sapphire potions.
   664 | D:1      | 664 ||| DROPPING scroll of butterflies.
   783 | D:2      | Noticed Natasha
   794 | D:2      | Killed Natasha
   795 | D:2      | Reached XP level 3. HP: 18/18 MP: 4/4
   884 | D:2      | Noticed Terence
   892 | D:2      | Slain by Terence

Levels and vault maps discovered:
D:1:      psy_arrival_heroes, layout_basic,
          hellmonk_ecumenical_altar_heavens_door
D:2:      layout_loops_corners, uniq_terence, uniq_natasha

Skill      XL: |  1  2 |
---------------+-------+-----
Dodging        | 3 4 |  4.0
Fighting       | |  1.5
Ranged Weapons | |  4.9
Stealth        | |  1.5

Action                     || total
---------------------------++-------
   Fire: Shortbow          ||    73
    Use: Potion            ||     1
 Armour: Robe              ||     6
  Dodge: Dodged            ||    17

Table legend:
 A = Non-vault XP
 B = Vault XP
 C = Vault XP percentage of total XP
 D = Non-vault monster count
 E = Vault monster count
 F = Vault count percentage of total count
                 A         B        C        D         E       F
            +---------+---------+-------+---------+---------+-------
      Total |      48 |      35 |  42.2 |      25 |       1 |   3.8
            +---------+---------+-------+---------+---------+-------
        D:1 |      35 |       0 |   0.0 |      19 |       0 |   0.0
        D:2 |      13 |      35 |  72.9 |       6 |       1 |  14.3
            +---------+---------+-------+---------+---------+-------
